 Dungeon Crawl Stone Soup version 0.30-a0-748-ge6a52f7cba (webtiles) character file.

Game seed: 6328826473846564388

576 xian the Sneak (level 7, -1/49 HPs)
             Began as a Demonspawn Enchanter on Feb 9, 2023.
             Was a Follower of Dithmenos.
             Killed by nerve-wracking pain
             ... invoked by an orc priest
              (11 damage)
             ... on level 5 of the Dungeon.
             The game lasted 00:11:08 (4172 turns).

xian the Sneak (Demonspawn Enchanter)               Turns: 4172, Time: 00:11:08

Health: -1/49      AC:  6    Str:  8    XL:     7   Next: 13%
Magic:  10/10      EV: 12    Int: 16    God:    Dithmenos [*.....]
Gold:   276        SH:  0    Dex: 16    Spells: 6/11 levels left

rFire   . . .      SeeInvis +    i - +8 triple sword of Tunekaw {drain, rElec Str-2 Dex+2 SInv}
rCold   . . .      Faith    .    (shield currently unavailable)
rNeg    . . .      Spirit   .    k - +0 leather armour
rPois   .          Reflect  .    (helmet restricted)
rElec   +          Harm     .    (no cloak)
rCorr   .          Rampage  .    (no gloves)
Will    .....                    v - +0 pair of boots
Stlth   +                        (no amulet)
HPRegen 0.28/turn                s - ring of flight
MPRegen 0.12/turn                (no ring)

@: confused, marked, flying, wreathed by umbra
A: horns 1, slimy green scales 1, powered by death 2
a: Renounce Religion


You were on level 5 of the Dungeon.
You worshipped Dithmenos.
Dithmenos was aware of your devotion.
You visited 1 branch of the dungeon, and saw 5 of its levels.

You collected 276 gold pieces.

Inventory:

Hand Weapons
 a - a +1 dagger
 i - the +8 triple sword of Tunekaw (weapon) {drain, rElec Str-2 Dex+2 SInv}
   (You acquired it on level 4 of the Dungeon)

   Str:       It affects your strength (-2).
   Dex:       It affects your dexterity (+2).
   rElec:     It insulates you from electricity.
   SInv:      It lets you see invisible.
Missiles
 e - 25 stones (quivered)
 p - 6 javelins
 q - 4 curare-tipped darts
 u - 6 poisoned darts
Armour
 b - a +0 plate armour
 g - a +0 chain mail
 k - a +0 leather armour (worn)
 v - a +0 pair of boots (worn)
Magical Staves
 z - a staff of fire
Jewellery
 s - a ring of flight (left hand)
Wands
 t - a wand of flame (22)
 w - a wand of digging (6)
Scrolls
 d - a scroll of identify
 h - 2 scrolls of enchant armour {unknown}
 n - a scroll of fear
 r - a scroll of amnesia
 y - 2 scrolls of silence {unknown}
Potions
 c - 2 potions of invisibility
 f - a potion of berserk rage {unknown}
 j - a potion of mutation {unknown}
 l - 3 potions of curing {unknown}
 m - a potion of ambrosia {unknown}
 o - a potion of cancellation {unknown}
 x - 2 potions of haste {unknown}
 A - a potion of flight {unknown}


   Skills:
 + Level 1.8 Fighting
 + Level 3.7 Short Blades
 + Level 0.5(2.3) Long Blades
 + Level 0.6 Throwing
 + Level 2.3 Armour
 + Level 2.8 Dodging
 + Level 3.9 Stealth
 + Level 2.5 Spellcasting
 + Level 3.8 Hexes
 + Level 0.8 Ice Magic


You had 6 spell levels left.
You knew the following spells:

 Your Spells              Type           Power      Damage    Failure   Level
a - Ensorcelled Hibernat  Hex/Ice        18%        N/A       16%         2
b - Confusing Touch       Hex            14%        N/A       17%         3

Your spell library contained the following spells:

 Spells                   Type           Power      Damage    Failure   Level
 Tukima's Dance           Hex            14%        N/A       17%         3
 Apportation              Tloc           4%         N/A       28%         1
 Beastly Appendage        Tmut           4%         N/A       28%         1
 Necrotise                Necr           8%         1d4       28%         1
 Summon Small Mammal      Summ           8%         N/A       28%         1
 Dazzling Flash           Conj/Hex       16%        N/A       36%         3
 Cigotuvi's Dreadful Rot  Necr/Pois/Air  4%         N/A       38%         2
 Poisonous Vapours        Pois/Air       4%         N/A       38%         2
 Wereblood                Tmut           2%         N/A       38%         2
 Ignite Poison            Fire/Tmut/Pois 2%         N/A       63%         3
 Kindle Blastsparks       Fire/Tloc/Air  4%         2d10      63%         3
 Mephitic Cloud           Conj/Pois/Air  2%         N/A       63%         3
 Spider Form              Tmut/Pois      2%         N/A       63%         3
 Freezing Cloud           Conj/Ice/Air   1%         6-21      100%        5


Dungeon Overview and Level Annotations

Branches:
Dungeon (5/15)
 Temple: D:4-7

Altars:
Dithmenos
Okawaru


Innate Abilities, Weirdness & Mutations

You have a pair of small horns on your head.
You are partially covered in slimy green scales. (AC +2)
You regenerate health from kills.


Message History

Unknown command.
You slash the orc wizard! You drain the orc wizard.
Your headbutt misses the orc wizard.
The orc wizard is almost dead.
The orc wizard points at you and mumbles some strange words.
You resist with some effort. The orc hits you but does no damage.
The orc priest calls down the wrath of Beogh upon you.
You struggle to resist.
The orc wizard closely misses you. The orc barely misses you.
The orc priest looks encouraged for a moment.
Unknown command.
You barely miss the orc wizard. Your headbutt misses the orc wizard.
The orc wizard is almost dead.
The orc wizard casts a spell at you. The magic dart hits you.
The orc priest invokes the aid of Beogh against you.
Pain shoots through your body! The orc closely misses you.
The orc priest hits you with a +0 hand axe.
The orc wizard gestures at you while chanting.
You are confused.
The orc hits you but does no damage.
You slice the orc!!
You kill the orc!
Dithmenos accepts your kill.
The orc wizard casts a spell.
The orc wizard flickers and vanishes for a moment.
The orc priest closely misses you.
Unknown command.
You slice the orc wizard!!
You kill the orc wizard!
Dithmenos accepts your kill. The orc priest closely misses you.
The orc priest hits you with a +0 hand axe.
Unknown command.
The orc priest attacks as you move away!
The orc priest hits you with a +0 hand axe!
* * * LOW HITPOINT WARNING * * *
The orc priest calls down the wrath of Beogh upon you.
Pain shoots through your body!
You die...

.......####..
...........##
#...........##
#............#
#............#
#............#
##..)o)......##
.###....)........#
.......@.........#
..####..........#
##.........#
###....####
#...#..###
##..####..#
#...#####.#
####..#......##
#.##..#.......#


You could see an orc priest.

Vanquished Creatures
  An ogre (D:5)
  A phantom (D:4)
  2 scorpions
  2 howler monkeys (D:4)
  2 orc priests (D:5)
  An iguana (D:4)
  An orc wizard (D:5)
  5 adders
  A worm (D:2)
  3 dart slugs
  6 orcs
  5 bats
  8 endoplasms
  2 giant cockroaches
  3 goblins
  6 hobgoblins
  4 jackals
  3 quokkas
  5 ball pythons
  3 frilled lizards
  3 kobolds
  7 rats
  A spectral kobold (D:1)
75 creatures vanquished.

Notes
Turn   | Place    | Note
-------+----------+-------------------------------------------
     0 | D:1      | xian the Demonspawn Enchanter began the quest for the Orb.
     0 | D:1      | Reached XP level 1. HP: 13/13 MP: 3/3
   296 | D:1      | Found a faded altar of an unknown god.
   689 | D:1      | Gained mutation: You regenerate a little health from kills.
                  | [demonic ancestry]
   689 | D:1      | Reached XP level 2. HP: 18/19 MP: 5/5
  1277 | D:2      | Reached skill level 1 in Short Blades
  1596 | D:2      | Learned a level 2 spell: Ensorcelled Hibernation
  1604 | D:2      | Gained mutation: You are partially covered in slimy green
                  | scales. (AC +2) [demonic ancestry]
  1604 | D:2      | Reached XP level 3. HP: 23/24 MP: 6/6
  2091 | D:3      | Found a shadowy altar of Dithmenos.
  2106 | D:3      | Became a worshipper of Dithmenos the Shadowed
  2631 | D:3      | Reached skill level 1 in Armour
  2642 | D:3      | Gained mutation: You regenerate health from kills. [demonic
                  | ancestry]
  2642 | D:3      | Reached XP level 4. HP: 28/30 MP: 7/7
  2798 | D:3      | Learned a level 3 spell: Confusing Touch
  2894 | D:5      | Entered Level 5 of the Dungeon
  3112 | D:4      | Noticed a scorpion
  3132 | D:4      | Killed a scorpion
  3133 | D:4      | Gained mutation: You have a pair of small horns on your
                  | head. [demonic ancestry]
  3133 | D:4      | Reached XP level 5. HP: 5/36 MP: 2/8
  3319 | D:4      | Reached skill level 1 in Fighting
  3321 | D:4      | Reached * piety under Dithmenos
  3663 | D:4      | Noticed a phantom
  3673 | D:4      | Killed a phantom
  3674 | D:4      | Reached XP level 6. HP: 43/43 MP: 5/9
  3885 | D:4      | Identified a scroll of acquirement
  3886 | D:4      | Acquired the +8 triple sword of Tunekaw {drain, rElec Str-2
                  | Dex+2 SInv}
  3967 | D:5      | Found an iron altar of Okawaru.
  4164 | D:5      | Reached XP level 7. HP: 49/49 MP: 10/10
  4172 | D:5      | Killed from afar by an orc priest

Illustrated notes

Levels and vault maps discovered:
D:1:      psy_arrival_whirlpool, layout_loops_corners,
          dreamdust_ecumenical_altar_drowned_temple
D:2:      layout_loops_ring, minmay_small_reverse_x
D:3:      layout_basic, grunt_dithmenos_smoke_and_mirrors
D:4:      layout_loops_ring
D:5:      layout_cave_pods, mainiacjoe_overflow_tiny_flanked

Skill      XL: |  1  2  3  4  5 |
---------------+----------------+-----
Short Blades   | 1 2 3 |  3.7
Dodging        | 2 |  2.8
Stealth        | 3 |  3.9
Armour         | 1 2 |  2.3
Fighting       | 1 |  1.8
Long Blades    | |  0.5
Throwing       | |  0.6
Spellcasting   | |  2.5
Hexes          | |  3.8
Ice Magic      | |  0.8

Action                     |  1- 3 |  4- 6 |  7- 9 || total
---------------------------+-------+-------+-------++-------
  Melee: Dagger            |   200 |   147 |       ||   347
         Punch             |     4 |       |       ||     4
         Headbutt          |       |     8 |     1 ||     9
         Triple sword      |       |     3 |     7 ||    10
  Throw: Stone             |    18 |     4 |       ||    22
   Cast: Ensorcelled Hiber |       |     5 |       ||     5
         Confusing Touch   |       |     1 |       ||     1
    Use: Potion            |       |     1 |       ||     1
         Scroll            |       |     4 |       ||     4
   Stab: Sleeping          |     5 |     6 |       ||    11
         Confused          |       |     2 |       ||     2
 Armour: Robe              |     2 |       |       ||     2
         Leather armour    |    42 |    38 |     4 ||    84
  Dodge: Dodged            |   112 |   111 |    15 ||   238

Table legend: (Time is in decaauts)
 A = Elapsed time spent in this place.
 B = Non-inter-level travel time spent in this place.
 C = Inter-level travel time spent in this place.
 D = Time resting spent in this place.
 E = Time spent auto-exploring this place.
 F = Levels seen in this place.
 G = Mean time per level.
                   A        B        C        D        E       F      G
               +--------+--------+--------+--------+--------+-----+--------+
         Total |   4158 |   4044 |    114 |    200 |   2711 |   5 |  831.6 |
       Dungeon |   4158 |   4044 |    114 |    200 |   2711 |   5 |  831.6 |
               +--------+--------+--------+--------+--------+-----+--------+

Top non-repeatable levels by time:
     D:1: 1032 daAuts
     D:4: 979 daAuts
     D:2: 930 daAuts
     D:3: 828 daAuts
     D:5: 388 daAuts
